 Dungeon Crawl Stone Soup version 0.26-a0-18-g135ff06667 (webtiles) character file.

Game seed: 8110999851124159789, levelgen mode: deterministic

23166 Essalna the Thaumaturge (level 12, -3/72 HPs)
             Began as a Deep Elf Ice Elementalist on May 25, 2020.
             Was a High Priest of Vehumet.
             Killed from afar by a wizard (18 damage)
             ... with a bolt of cold
             ... on level 13 of the Dungeon.
             The game lasted 00:50:45 (13136 turns).

Essalna the Thaumaturge (DEIE)                     Turns: 13136, Time: 00:50:46

Health: -3/72      AC: 14    Str:  5    XL:     12   Next: 69%
Magic:  21/38      EV: 14    Int: 26    God:    Vehumet [*****.]
Gold:   622        SH:  5    Dex: 15    Spells: 24/34 levels left

rFire    + . .     SeeInvis .   g - +2 short sword (elec)
rCold    . . .     Gourm    .   s - +0 buckler
rNeg     + . .     Faith    .   B - +7 ring mail of Squeaky Freedom {rF+ rN+}
rPois    .         Spirit   .   (no helmet)
rElec    .         Reflect  .   x - +0 cloak
rCorr    .         Harm     .   (no gloves)
MR       +....                  (no boots)
Stlth    +.........             l - amulet of regeneration
HPRegen  0.62/turn              h - ring of magical power
MPRegen  0.26/turn              i - +4 ring of slaying

@: lethally poisoned (-3 -> -9), about to teleport, frozen ramparts
A: no striking features
a: Renounce Religion


You were on level 13 of the Dungeon.
You worshipped Vehumet.
Vehumet was extremely pleased with you.
You were not hungry.

You visited 2 branches of the dungeon, and saw 14 of its levels.
You also visited: Sewer.

You collected 622 gold pieces.

Inventory:

Hand Weapons
 f - a +0 dagger
 g - a +2 short sword of electrocution (weapon)
Armour
 a - a +0 robe
 n - a +3 scale mail of fire resistance
 s - a +0 buckler (worn)
 t - a +2 tower shield
 x - a +0 cloak (worn)
 B - the +7 ring mail of Squeaky Freedom (worn) {rF+ rN+}
   (You found it on level 5 of the Dungeon)

   It protects you from fire.
   It protects you from negative energy.
Jewellery
 h - a ring of magical power (left hand)
 i - a +4 ring of slaying (right hand)
 l - an amulet of regeneration (around neck)
 L - a +6 ring of intelligence {unknown}
 P - a +4 ring of evasion {unknown}
Wands
 b - a wand of flame (27)
 C - a wand of random effects (16)
 E - a wand of digging (2)
 H - a wand of disintegration (17)
Scrolls
 d - 4 scrolls of enchant weapon
 p - 6 scrolls of remove curse
 r - 4 scrolls of blinking {unknown}
 u - a scroll of noise {unknown}
 v - 7 scrolls of identify
 w - 2 scrolls of amnesia {unknown}
 z - 2 scrolls of vulnerability {unknown}
 A - a scroll of random uselessness {unknown}
 F - 3 scrolls of summoning {unknown}
 K - 2 scrolls of enchant armour {unknown}
 M - a scroll of silence {unknown}
 O - a scroll of fear
Potions
 e - 2 potions of stabbing {unknown}
 j - 5 potions of heal wounds {unknown}
 k - 2 potions of flight {unknown}
 m - 3 potions of might {unknown}
 o - 5 potions of curing {unknown}
 q - 3 potions of haste {unknown}
 D - 2 potions of brilliance {unknown}
 G - 2 potions of degeneration {unknown}
 I - 2 potions of lignification {unknown}
 J - a potion of invisibility {unknown}
Comestibles
 c - 20 rations
 N - 12 chunks of flesh


   Skills:
 + Level 7.1 Fighting
 + Level 7.1 Armour
 + Level 10.5 Dodging
 - Level 2.4 Stealth
 - Level 4.0 Shields
 + Level 11.7 Spellcasting
 + Level 8.7 Conjurations
 + Level 10.7 Ice Magic


You had 24 spell levels left.
You knew the following spells:

 Your Spells              Type           Power        Failure   Level  Hunger
a - Freeze                Ice            ####         1%          1    None
b - Frozen Ramparts       Ice            ######       1%          3    None
c - Hailstorm             Conj/Ice       ######..     1%          4    None
d - Blink                 Tloc           N/A          22%         2    None

Your spell library contained the following spells:

 Spells                   Type           Power        Failure   Level  Hunger
 Spellforged Servitor     Conj/Summ      #####.....   99%         7    ######.
 Magic Dart               Conj           ####         1%          1    None
 Ensorcelled Hibernation  Hex/Ice        #####.       2%          2    None
 Conjure Flame            Conj/Fire      #####...     2%          3    None
 Dazzling Flash           Conj/Hex       #####.       2%          3    None
 Mephitic Cloud           Conj/Pois/Air  ####....     3%          3    None
 Ozocubu's Armour         Chrm/Ice       #####...     4%          3    None
 Corona                   Hex            ###....      14%         1    None
 Infusion                 Chrm           ###.         14%         1    None
 Summon Ice Beast         Ice/Summ       #####...     16%         4    None
 Call Imp                 Summ           ###.....     22%         2    None
 Shroud of Golubria       Chrm/Tloc      ###...       22%         2    None
 Slow                     Hex            ###.....     22%         2    None
 Song of Slaying          Chrm           ###.....     22%         2    None
 Confusing Touch          Hex            ###.....     41%         3    None
 Spectral Weapon          Hex/Chrm       ###.....     41%         3    None
 Tukima's Dance           Hex            ###.....     41%         3    None


Dungeon Overview and Level Annotations

Branches:
Dungeon (13/15)            Temple (1/1) D:6            Lair (0/6) D:9
    Orc (0/2) D:11         Vaults (0/5) D:13          Sewer (visited)

Altars:
Dithmenos
Elyvilon
Makhleb
Nemelex Xobeh
Okawaru
Qazlal
Ru
Sif Muna
Trog
Uskayaw
Vehumet
Xom
Yredelemnul
The Shining One
Beogh

Portals:
Trove: D:13 (give 3 potions of resistance)


Message History

Confirm with . or Enter, or press ? or * to list all spells.
You can't see any susceptible monsters within range! (Use Z to cast anyway.)
Casting: Hailstorm (mildly dangerous; 1% risk of failure)
Confirm with . or Enter, or press ? or * to list all spells.
You can't see any susceptible monsters within range! (Use Z to cast anyway.)
Casting: Hailstorm (mildly dangerous; 1% risk of failure)
Confirm with . or Enter, or press ? or * to list all spells.
You can't see any susceptible monsters within range! (Use Z to cast anyway.)
Casting: Hailstorm (mildly dangerous; 1% risk of failure)
Confirm with . or Enter, or press ? or * to list all spells.
You can't see any susceptible monsters within range! (Use Z to cast anyway.)
As you read the scroll of teleportation, it crumbles to dust.
You feel strangely unstable.
You feel sick.
The vault guard hits you with a +2 war axe of electrocution!
You are electrocuted!
* * * LOW HITPOINT WARNING * * *
The wizard shouts, "You can't withstand my power!"
The wizard casts a spell at you. The bolt of cold hits you!!
You die...

#..#.....'....(#
#..#..⌠..'..⌠..#
#######..#.....).....#
.........#()...#÷††..#
.........########'''##
...<.....#!/...#..†..#
.........#)....'.....#
.#######.#..∩.)pp.⌠..#
.# #.#$..†ZZ@...)# .#
.#(?..†#....(# .#
.##### #######
.#######.. .........#
.........# .........#
.........# .........#


You could see a vault guard (soul bound), a wizard (soul bound) and 2 human
simulacra.

Vanquished Creatures
  Snorg (D:13)
  2 hydras (D:11)
  3 two-headed ogres
  Urug (D:13)
  A wizard (D:13)
  The ghost of Mrkan the Cudgeler, a novice GrFi of Okawaru (D:6)
  A necromancer (D:13)
  A cyclops (D:13)
  An ugly thing (D:12)
  A gargoyle (D:10)
  2 kobold demonologists (D:11)
  4 trolls
  A hornet (D:10)
  A hippogriff (D:10)
  A vampire (D:12)
  A wraith (D:13)
  2 shadows (D:11)
  A water elemental (D:11)
  2 wyverns
  3 hogs (D:8)
  14 yaks
  2 hungry ghosts
  22 humans
  2 soldier ants (D:12)
  2 water moccasins
  4 porcupines (D:9)
  Duvessa (D:5)
  An eye of draining (D:11)
  3 ice beasts
  A sky beast (D:8)
  5 orc warriors
  2 black bears
  9 ogres
  12 centaurs
  2 crocodiles (D:11)
  3 big kobolds
  7 bullfrogs
  A water moccasin zombie (D:11)
  Dowan (D:5)
  2 scorpions
  A water moccasin skeleton (D:9)
  6 killer bees
  A howler monkey (D:11)
  7 wights
  5 electric eels (D:11)
  2 crimson imps
  2 bullfrog zombies
  3 centaur zombies
  A quasit (D:10)
  4 hounds
  Crazy Yiuf (D:4)
  A gnoll shaman (D:10)
  4 orc priests
  3 jellies
  6 orc wizards
  3 bullfrog skeletons
  2 centaur skeletons
  Terence (D:3)
  3 iguanas
  11 worker ants
  A hound skeleton (D:8)
  A worker ant zombie (D:10)
  10 adders
  9 gnolls
  2 shadow imps
  An adder skeleton (D:6)
  2 worms
  3 dart slugs
  9 leopard geckos
  63 orcs
  9 giant cockroaches
  7 goblins
  6 hobgoblins
  13 jackals
  3 quokkas
  4 ball pythons (Sewer)
  4 bats
  21 frilled lizards
  A giant cockroach zombie (D:5)
  A jackal skeleton (D:5)
  18 kobolds
  A quokka skeleton (D:5)
  A quokka zombie (D:5)
  9 rats
393 creatures vanquished.

Vanquished Creatures (others)
  16 fungi (D:9)
  5 plants (D:9)
21 creatures vanquished.

Grand Total: 414 creatures vanquished

Notes
Turn   | Place    | Note
-------+----------+-------------------------------------------
     0 | D:1      | Essalna the Deep Elf Ice Elementalist began the quest for
                  | the Orb.
     0 | D:1      | Reached XP level 1. HP: 10/10 MP: 6/6
   291 | D:1      | Reached XP level 2. HP: 15/15 MP: 4/8
   800 | D:2      | Reached skill level 4 in Spellcasting
   800 | D:2      | Reached skill level 5 in Ice Magic
   800 | D:2      | Reached XP level 3. HP: 15/19 MP: 10/10
   805 | D:2      | Learned a level 3 spell: Frozen Ramparts
  1756 | D:2      | Reached XP level 4. HP: 22/24 MP: 12/12
  1955 | D:3      | Noticed Terence
  1963 | D:3      | Killed Terence
  2399 | D:3      | You fall into a shaft and drop 1 floor!
  2412 | D:4      | Reached skill level 1 in Fighting
  2490 | D:4      | Reached XP level 5. HP: 29/29 MP: 14/14
  2582 | D:4      | Found a glowing drain.
  2586 | D:4      | Reached skill level 1 in Armour
  2622 | Sewer    | Entered a sewer
  2866 | Sewer    | Reached skill level 5 in Spellcasting
  3780 | D:4      | Reached XP level 6. HP: 31/35 MP: 15/15
  4122 | D:4      | Found a runed translucent door.
  4123 | D:4      | Noticed Crazy Yiuf
  4132 | D:4      | Killed Crazy Yiuf
  4235 | D:5      | Entered Level 5 of the Dungeon
  4235 | D:5      | Noticed a water moccasin
  4433 | D:5      | Killed a water moccasin
  4433 | D:5      | Reached XP level 7. HP: 38/40 MP: 17/17
  4498 | D:5      | Got a pitted ring mail
  4512 | D:5      | Identified the +7 ring mail of Squeaky Freedom {rF+ rN+}
                  | (You found it on level 5 of the Dungeon)
  4669 | D:5      | Reached skill level 6 in Spellcasting
  4736 | D:5      | Learned a level 4 spell: Hailstorm
  5211 | D:5      | Noticed Duvessa
  5214 | D:5      | Noticed Dowan
  5228 | D:5      | Killed Duvessa
  5246 | D:5      | Killed Dowan
  5246 | D:5      | Reached skill level 1 in Conjurations
  5476 | D:6      | Found a sacrificial altar of Ru.
  5510 | D:6      | Reached skill level 5 in Dodging
  5514 | D:6      | Reached XP level 8. HP: 45/45 MP: 19/19
  5780 | D:6      | Found a staircase to the Ecumenical Temple.
  5787 | Temple   | Entered the Ecumenical Temple
  5890 | Temple   | Became a worshipper of Vehumet
  6249 | D:6      | Found a large runed translucent door.
  6250 | D:6      | Found a large runed translucent door.
  6251 | D:6      | Noticed Mrkan's ghost (novice GrFi)
  6260 | D:6      | Reached skill level 7 in Spellcasting
  6434 | D:6      | Killed Mrkan's ghost
  6911 | D:7      | Reached XP level 9. HP: 52/52 MP: 22/22
  7620 | D:8      | Reached skill level 8 in Spellcasting
  7654 | D:8      | Found a radiant altar of Vehumet.
  7680 | D:8      | Reached * piety under Vehumet
  7680 | D:8      | Offered knowledge of Foxfire by Vehumet.
  7938 | D:8      | Learned a level 2 spell: Blink
  8029 | D:8      | Noticed a two-headed ogre
  8042 | D:8      | Killed a two-headed ogre
  8042 | D:8      | Reached skill level 5 in Conjurations
  8042 | D:8      | Reached XP level 10. HP: 50/58 MP: 24/24
  8221 | D:9      | Noticed a two-headed ogre
  8232 | D:9      | Killed a two-headed ogre
  8232 | D:9      | Reached skill level 9 in Spellcasting
  8346 | D:9      | Reached skill level 5 in Fighting
  8346 | D:9      | Reached skill level 5 in Armour
  8382 | D:9      | Found a staircase to the Lair.
  8563 | D:9      | Offered knowledge of Sandblast by Vehumet.
  8569 | D:9      | Reached ** piety under Vehumet
  8610 | D:9      | Found a roughly hewn altar of Beogh.
  8958 | D:10     | Entered Level 10 of the Dungeon
  9416 | D:10     | Offered knowledge of Static Discharge by Vehumet.
  9416 | D:10     | Reached skill level 1 in Shields
  9615 | D:10     | Reached *** piety under Vehumet
  9792 | D:10     | Reached XP level 11. HP: 64/64 MP: 24/26
  9851 | D:10     | Reached skill level 10 in Spellcasting
  9852 | D:10     | Offered knowledge of Iskenderun's Mystic Blast by Vehumet.
 10407 | D:11     | Reached **** piety under Vehumet
 10599 | D:11     | Offered knowledge of Fulminant Prism by Vehumet.
 10673 | D:11     | Found a staircase to the Orcish Mines.
 10778 | D:11     | Noticed a two-headed ogre
 10798 | D:11     | Killed a two-headed ogre
 10902 | D:11     | Noticed a five-headed hydra
 10913 | D:11     | Killed a five-headed hydra
 11235 | D:11     | Noticed a five-headed hydra
 11244 | D:11     | Killed a five-headed hydra
 11244 | D:11     | Reached skill level 10 in Ice Magic
 11374 | D:11     | Reached ***** piety under Vehumet
 11374 | D:11     | Offered knowledge of Spellforged Servitor by Vehumet.
 12381 | D:12     | Reached XP level 12. HP: 71/71 MP: 28/28
 12432 | D:12     | Reached skill level 11 in Spellcasting
 12571 | D:13     | Found a portal to a secret trove of treasure.
 12651 | D:13     | Noticed Urug
 12706 | D:13     | Killed Urug
 12706 | D:13     | Reached skill level 10 in Dodging
 12791 | D:13     | Noticed Snorg
 12965 | D:13     | Killed Snorg
 13129 | D:13     | Found a gate to the Vaults.
 13129 | D:13     | Noticed a vault guard
 13136 | D:13     | Killed from afar by a wizard

Illustrated notes

Levels and vault maps discovered:
D:1:      giann_wishing_wells, layout_rooms
D:2:      layout_basic, minmay_lizard_pond
D:3:      layout_loops_cross, uniq_terence
D:4:      layout_loops_ring, portal_sewer_entry_f, uniq_crazy_yiuf_cottage
D:5:      layout_basic, first_ration, uniq_duvessa
D:6:      layout_layer_cave, nicolae_ru_great_annihilating_truth,
          minmay_temple_entry_trees, ebering_ghost_disaster_area
D:7:      layout_basic
D:8:      layout_loops_ring, basic_altar, hangedman_decor_diamond_cutter,
          grunt_livestock
D:9:      layout_roguey, due_lair_maze_entry_diamond, special_room
          [special_room_orc]
D:10:     layout_irregular_city
D:11:     minmay_recursive_quarters, layout_basic
D:12:     layout_basic, minmay_another_anthill
D:13:     layout_long_grid, grunt_vaults_entry_tiered,
          nicolae_trove_entry_free_sample, basic_altar, uniq_maurice,
          uniq_snorg, uniq_urug
Temple:   roderic_octagonal_lattice_temple

Skill      XL: |  1  2  3  4  5  6  7  8  9 10 11 12 |
---------------+-------------------------------------+-----
Spellcasting   | 4 5 6 7 8 9 10 11 | 11.7
Ice Magic      | 5 6 7 8 9 10 | 10.7
Fighting       | 1 2 3 4 5 6 7 |  7.1
Dodging        | 3 4 5 6 7 8 9 10 | 10.5
Armour         | 1 2 3 4 5 6 7 |  7.1
Conjurations   | 1 3 5 6 7 8 |  8.7
Shields        | 1 3 4 |  4.0
Stealth        | |  2.4

Action                   |  1- 3 |  4- 6 |  7- 9 | 10-12 || total
-------------------------+-------+-------+-------+-------++-------
Melee: Short sword       |    36 |    44 |   102 |   249 ||   431
 Cast: Freeze            |    38 |    42 |    38 |    29 ||   147
       Frozen Ramparts   |     3 |    10 |    17 |    73 ||   103
       Hailstorm         |       |       |       |   103 ||   103
  Use: Scroll            |     4 |     3 |     1 |     2 ||    10
 Stab: Sleeping          |     1 |     3 |       |       ||     4
       Distracted        |       |     1 |     1 |       ||     2
       Paralysed         |       |       |     1 |       ||     1
  Eat: Chunk             |     3 |     9 |     8 |    19 ||    39
       Ration            |       |       |     1 |       ||     1
Armor: Robe              |     9 |     8 |     1 |       ||    18
       Ring mail         |       |       |    61 |   120 ||   181
Dodge: Dodged            |    52 |    39 |    50 |   206 ||   347
Block: Buckler           |       |       |       |    47 ||    47

Table legend:
 A = Non-vault XP
 B = Vault XP
 C = Vault XP percentage of total XP
 D = Non-vault monster count
 E = Vault monster count
 F = Vault count percentage of total count
                 A         B        C        D         E       F
            +---------+---------+-------+---------+---------+-------
      Total |   20836 |   12259 |  37.0 |     279 |     114 |  29.0
            +---------+---------+-------+---------+---------+-------
        D:1 |      26 |       0 |   0.0 |      13 |       0 |   0.0
        D:2 |      71 |       7 |   9.0 |      28 |       7 |  20.0
        D:3 |      30 |      38 |  55.9 |       8 |       1 |  11.1
        D:4 |     189 |      55 |  22.5 |      12 |       6 |  33.3
        D:5 |     419 |     211 |  33.5 |      14 |       2 |  12.5
        D:6 |     765 |     725 |  48.7 |      20 |       5 |  20.0
        D:7 |     788 |       0 |   0.0 |      12 |       0 |   0.0
        D:8 |    1191 |     976 |  45.0 |       9 |       5 |  35.7
        D:9 |    1475 |    1719 |  53.8 |      19 |      32 |  62.7
       D:10 |    4515 |       0 |   0.0 |      63 |       0 |   0.0
       D:11 |    6723 |     687 |   9.3 |      50 |       9 |  15.3
       D:12 |    1880 |     317 |  14.4 |      19 |       2 |   9.5
       D:13 |    2764 |    7394 |  72.8 |      12 |      25 |  67.6
      Sewer |       0 |     130 | 100.0 |       0 |      20 | 100.0
            +---------+---------+-------+---------+---------+-------
